 Dungeon Crawl Stone Soup version 0.14-a0-1330-g3eed206 (webtiles) character file.

315 July the Slasher (level 6, 0/43 HPs)
             Began as a Formicid Fighter on Dec 6, 2013.
             Slain by a giant frog skeleton (1 damage)
             ... on Level 4 of the Dungeon.
             The game lasted 00:13:23 (2267 turns).

July the Slasher (Formicid Fighter)                 Turns: 2267, Time: 00:13:25

HP   0/43        AC  9     Str 21      XL: 6   Next: 32%
MP   6/6         EV  6     Int  7      God:
Gold 110         SH 18     Dex 12      Spells:  0 memorised,  5 levels left

rFire  . . .     SeeInvis +     x - +0 long sword
rCold  + . .     Clarity  .     b - +0 scale mail
rNeg   . . .     Conserve .     c - +0 shield
rPois  x         rCorr    .     (helmet unavailable)
rElec  .         rRot     .     (no cloak)
SustAb . .       Spirit   .     l - +0 pair of gloves
rMut   .         Warding  .     (no boots)
Saprov . . .     Stasis   +     (no amulet)
                                r - ring of invisibility
                                n - ring of protection from cold {unknown}

@: slightly resistant to hostile enchantments, extremely unstealthy
A: permanent stasis, dig shafts and tunnels, four strong arms, poison weakness,
antennae 3, exoskeleton 1
a: Dig, Shaft Self, Evoke Invisibility


You were on level 4 of the Dungeon.
You were not hungry.

You visited 1 branch of the dungeon, and saw 4 of its levels.

You collected 110 gold pieces.

Inventory:

Hand weapons
 x - a +0,+0 long sword (weapon)
Armour
 b - a +0 scale mail (worn)
 c - a +0 shield (worn)
 l - a +0 pair of gloves (worn)
Magical devices
 m - a wand of enslavement (13) {unknown}
Comestibles
 a - a chunk of giant newt flesh
 d - 2 bread rations
 o - a meat ration
Scrolls
 f - 2 scrolls of recharging {unknown}
 i - a scroll of random uselessness {unknown}
 k - 4 scrolls of identify {unknown}
 p - a scroll of blinking {unknown}
Jewellery
 n - a ring of protection from cold (left hand) {unknown}
 r - a ring of invisibility (right hand)
Potions
 e - a potion of heal wounds {unknown}
 g - a potion of restore abilities
 h - 2 potions of speed
 j - 2 potions of curing
 u - a potion of berserk rage
Books
 t - a Necronomicon {highlevel}

   This book is beyond your current level of understanding.

   Spells                             Type                      Level
   Haunt                              Necromancy/Summoning         7
   Borgnjor's Revivification          Necromancy                   8
   Death's Door                       Charms/Necromancy            8
   Necromutation                      Transmutation/Necromancy     8


   Skills:
 - Level 4.0 Fighting
 * Level 5.0 Long Blades
 - Level 4.0 Armour
 - Level 3.0 Shields


You had 5 spell levels left.
You didn't know any spells.

Dungeon Overview and Level Annotations

Branches:
Dungeon (4/16)
 Temple: D:4-7

Altars:
Trog


Innate Abilities, Weirdness & Mutations

Your are under a permanent stasis effect.
You can dig through walls and to a lower floor.
Your four strong arms can wield any weapon, most with a shield.
You are susceptible to poison.
You have a pair of large antennae on your head (SInv).
Your body is surrounded by an exoskeleton. (HP +5, AC +1)


Message History

Drink which item? (? for menu, Esc to quit)
You cannot go berserk while under stasis.
It was a potion of berserk rage.
The goblin hits you but does no damage. The goblin hits you but does no damage.
You block the hobgoblin's attack.
The giant frog skeleton hits you but does no damage.
Drink which item? (? for menu, Esc to quit)
Your stasis keeps you stable.
It was a potion of paralysis.
The goblin hits you but does no damage. The goblin hits you with a dagger.
* * * LOW HITPOINT WARNING * * *
The hobgoblin hits you.
* * * LOW HITPOINT WARNING * * *
The giant frog skeleton hits you but does no damage.
Drink which item? (? for menu, Esc to quit)
You feel refreshed.
It was a potion of restore abilities.
The giant frog skeleton hits you but does no damage.
The goblin hits you but does no damage. You block the goblin's attack.
The hobgoblin hits you.
* * * LOW HITPOINT WARNING * * *
The giant frog skeleton hits you.
You die...

... .....>..#
.........#≈
..........#≈≈
...........#≈≈≈
...........#≈≈≈
...........#≈≈≈
#..(...ggg..#≈≈≈≈
#.....>.@)..#≈≈≈≈
#......z....#≈≈≈≈
....(......#≈≈≈
...........#≈≈≈
......>....#≈≈≈
..........#≈≈
.........#≈
........# ...


You could see a hobgoblin, 2 goblins and a giant frog skeleton.

Vanquished Creatures
  A scorpion (D:3)
  A giant frog skeleton (D:3)
  An orc wizard (D:3)
  A worker ant (D:4)
  4 adders
  3 oozes
  6 orcs (D:3)
  6 hobgoblins
  5 jackals
  A quokka (D:3)
  A ball python (D:2)
  2 bats
  2 giant cockroaches (D:1)
  A giant newt (D:3)
  10 goblins
  8 kobolds
  9 rats
62 creatures vanquished.

Notes
Turn   | Place    | Note
--------------------------------------------------------------
     0 | D:1      | July, the Formicid Fighter, began the quest for the Orb.
     0 | D:1      | Reached XP level 1. HP: 19/19 MP: 1/1
   151 | D:1      | Reached skill level 4 in Armour
   211 | D:1      | Reached XP level 2. HP: 24/24 MP: 2/2
   528 | D:2      | Reached XP level 3. HP: 27/29 MP: 3/3
   928 | D:2      | Reached XP level 4. HP: 34/34 MP: 4/4
  1427 | D:3      | Reached XP level 5. HP: 38/38 MP: 5/5
  1759 | D:3      | Found a bloodstained altar of Trog.
  2101 | D:3      | Reached XP level 6. HP: 23/43 MP: 6/6
  2256 | D:4      | Reached skill level 5 in Long Blades
  2266 | D:4      | HP: 1/43 [hobgoblin (3)]
  2267 | D:4      | Slain by a giant frog skeleton

Action                   |  1- 3 |  4- 6 || total
-------------------------+-------+-------++-------
Melee: Falchion          |    99 |   132 ||   231
       Long sword        |       |    52 ||    52
  Use: Scroll            |       |     1 ||     1
       Potion            |       |     7 ||     7
